 Dungeon Crawl Stone Soup version 0.29-a0-19-gef7f3e67aa (webtiles) character file.

Game seed: 10314557237041362907

8675 Gargoyl the Fighter (level 11, -5/89 HPs)
             Began as a Gnoll Abyssal Knight on Jan 29, 2022.
             Was a Priest of Lugonu.
             Slain by a two-headed ogre (9 damage)
             ... on level 10 of the Dungeon.
             The game lasted 00:17:02 (15442 turns).

Gargoyl the Fighter (Gnoll Abyssal Knight)         Turns: 15442, Time: 00:17:03

Health: -5/89      AC: 16    Str: 17    XL:     11   Next: 34%
Magic:  19/20      EV:  7    Int:  9    God:    Lugonu [***...]
Gold:   670        SH: 16    Dex: 13    Spells: 22/22 levels left

rFire   . . .      SeeInvis .   g - +2 dagger (venom)
rCold   . . .      Faith    .   y - +2 buckler
rNeg    + . .      Spirit   .   w - +0 plate armour
rPois   .          Reflect  +   (no helmet)
rElec   .          Harm     .   (no cloak)
rCorr   .          Rampage  .   (no gloves)
Will    .....      Clarity  +   m - +2 pair of boots
Stlth   ..........              b - amulet of reflection
HPRegen 0.24/turn               c - ring of positive energy
MPRegen 0.17/turn               e - ring of flight

@: flying
A: fangs 1, strong nose, distributed training, large bone plates 1, clarity
a: Renounce Religion, Depart the Abyss, Bend Space, Banish


You were on level 10 of the Dungeon.
You worshipped Lugonu.
Lugonu was most pleased with you.
You visited 1 branch of the dungeon, and saw 10 of its levels.
You visited the Abyss 2 times.
You also visited: Sewer.

You collected 670 gold pieces.

Inventory:

Hand Weapons
 a - a +4 hand axe
 g - a +2 dagger of venom (weapon)
Missiles
 B - 5 poisoned darts (quivered)
Armour
 m - a +2 pair of boots (worn)
 w - a +0 plate armour (worn)
 y - a +2 buckler (worn)
Jewellery
 b - an amulet of reflection (around neck)
 c - a ring of positive energy (left hand)
 e - a ring of flight (right hand)
 l - a ring of protection from cold
 A - an amulet of magic regeneration
Wands
 d - a wand of mindburst (28)
 i - a wand of iceblast (2)
 n - a wand of polymorph (13)
 r - a wand of flame (19)
 t - a wand of paralysis (22)
Scrolls
 k - 2 scrolls of magic mapping
 o - 3 scrolls of identify
 q - 2 scrolls of blinking
Potions
 f - a potion of heal wounds
 h - a potion of mutation
 j - a potion of brilliance
 p - a potion of flight
 s - a potion of curing
 v - a potion of berserk rage
 x - 2 potions of magic
 z - a potion of lignification


   Skills:
 + Level 9.1 Fighting
 + Level 6.2 Short Blades
 + Level 6.2 Long Blades
 + Level 7.8 Axes
 + Level 6.2 Maces & Flails
 + Level 6.2 Polearms
 + Level 6.2 Staves
 + Level 6.2 Slings
 + Level 6.2 Bows
 + Level 6.2 Crossbows
 + Level 6.2 Throwing
 + Level 7.8 Armour
 + Level 6.8 Dodging
 + Level 6.2 Stealth
 + Level 6.2 Shields
 + Level 6.2 Unarmed Combat
 + Level 6.2 Spellcasting
 + Level 5.1 Conjurations
 + Level 5.1 Hexes
 + Level 5.1 Summonings
 + Level 5.1 Necromancy
 + Level 5.1 Translocations
 + Level 5.1 Transmutations
 + Level 5.1 Fire Magic
 + Level 5.1 Ice Magic
 + Level 5.1 Air Magic
 + Level 5.1 Earth Magic
 + Level 5.1 Poison Magic
 + Level 8.3 Invocations
 + Level 6.2 Evocations


You had 22 spell levels left.
You didn't know any spells.
Your spell library contained the following spells:

 Spells                   Type           Power      Damage    Failure   Level
 Shock                    Conj/Air       48%        1d6       71%         1
 Swiftness                Air            12%        N/A       97%         3
 Airstrike                Air            6%         N/A       100%        4


Dungeon Overview and Level Annotations

Branches:
Dungeon (10/15)            Temple (0/1) D:7            Lair (0/6) D:8
  Sewer (visited)
    Orc: D:9-12

Altars:
Ashenzari
Elyvilon
Gozag
Kikubaaqudgha
Nemelex Xobeh
Okawaru
Qazlal
Vehumet
Xom
The Shining One
Beogh

Shops:
D:6 *

Annotations:
D:8 exclusion: ice statue


Innate Abilities, Weirdness & Mutations

You have very sharp teeth.
Your uncanny sense of smell can sniff out nearby items.
Your experience applies equally to all skills.
You are partially covered in large bone plates. (SH +4)
You possess an exceptional clarity of mind.


Message History

Something hits you but does no damage. You block something's attack.
Something hits you but does no damage.
As you read the scroll of teleportation, it crumbles to dust.
You feel strangely unstable. Something hits you but does no damage.
You block something's attack. Something hits you but does no damage.
Your surroundings suddenly seem different.
You block the yak's attack. You block the troll's attack. The troll claws you.
* * * LOW HITPOINT WARNING * * *
The troll claws you.
* * * LOW HITPOINT WARNING * * *
Unknown command.
This branch contains the abyssal rune of Zot.
Reactivating autopickup.
You can no longer gate yourself to the Abyss.
Found a gateway leading deeper into the Abyss.
Unknown command.
There is a gateway leading deeper into the Abyss here.
You start resting.
A starcursed mass comes into view.
A starcursed mass splits.
You plunge deeper into the Abyss.
You start resting.
A tentacled starspawn materialises.
A tentacled starspawn is nearby!
A tentacled starspawn is nearby!
You start resting.
A tentacled starspawn is nearby!
You pass through the gate.
Welcome back to the Dungeon!
You can no longer corrupt the fabric of space.
Something hits you.
* * * LOW HITPOINT WARNING * * *
Deactivating autopickup; reactivate with Ctrl-A.
You block the yak's attack.
The two-headed ogre hits you with a +0 great mace!!
* * * LOW HITPOINT WARNING * * *
The two-headed ogre hits you with a +0 giant spiked club!
You die...

#..# #..# #.########....#
#..# #..# #............# ∆
#..####..# #...........# ##
.....))..# #...........#⌠.#
#..####..# #...........#...∆
#..# #..# #..(...........⌠
#..# #..# #...........# #..#
#..# #.TY........# #### #..#
#..#####..@O..9....#####...
#>.#
##)..................##?....
#..#
#.)...................##..T.
#..#
#)#######..............###.#
#..# #)....#
#................YT.
#..###.....#
#............#######
#>...#.._..# #............#
#....####### #............#
....## #............#


You could see a two-headed ogre, a yak, a troll and a gargoyle.

Vanquished Creatures
  2 two-headed ogres
  Pikel (D:5)
  A cyclops (D:8)
  An elephant (D:8)
  The ghost of hemabe71 the Charlatan, an amateur HuAr (D:4)
  A tarantella (D:7)
  A shadow (D:10)
  9 yaks (D:10)
  A wyvern (D:8)
  A steam dragon (D:6)
  A water moccasin (D:6)
  5 orc warriors
  3 black bears
  2 sky beasts
  3 ogres
  A centaur (D:9)
  A phantom (D:6)
  2 lemures (D:5)
  3 bullfrogs
  2 kobold brigands
  Blork the orc (D:5)
  A gnoll sergeant (D:9)
  A scorpion (D:4)
  A wyvern zombie (D:6)
  A water moccasin skeleton (D:6)
  12 killer bees
  8 howler monkeys
  A bullfrog zombie (D:6)
  2 centaur zombies
  3 jellies
  2 gnoll shamans (D:6)
  8 orc priests
  3 centaur skeletons
  A hound (D:7)
  2 iguanas
  12 orc wizards
  2 killer bee zombies (D:6)
  A hound skeleton (D:3)
  A howler monkey zombie (D:5)
  13 gnolls
  10 adders
  2 shadow imps
  2 ufetubi
  2 worms (D:2)
  A dart slug (D:1)
  49 orcs
  14 endoplasms
  7 giant cockroaches
  5 hobgoblins
  4 jackals (D:2)
  15 quokkas
  14 ball pythons
  8 bats
  7 frilled lizards
  9 goblins
  17 kobolds
  7 rats
291 creatures vanquished.

Vanquished Creatures (others)
  An orc (D:7)
  3 fungi
  2 plants (D:8)
  2 starspawn tentacles (Abyss:2)
8 creatures vanquished.

Grand Total: 299 creatures vanquished

Notes
Turn   | Place    | Note
-------+----------+-------------------------------------------
     0 | Abyss:1  | Gargoyl the Gnoll Abyssal Knight began the quest for the
                  | Orb.
     0 | Abyss:1  | Reached XP level 1. HP: 23/23 MP: 3/3
     0 | D:1      | Escaped the Abyss
   260 | D:1      | Reached XP level 2. HP: 29/29 MP: 5/5
   260 | D:1      | Reached * piety under Lugonu
  1017 | D:2      | Reached XP level 3. HP: 21/35 MP: 6/6
  1616 | D:2      | Reached skill level 1 in Short Blades
  1616 | D:2      | Reached skill level 1 in Long Blades
  1616 | D:2      | Reached skill level 1 in Maces & Flails
  1616 | D:2      | Reached skill level 1 in Polearms
  1616 | D:2      | Reached skill level 1 in Staves
  1616 | D:2      | Reached skill level 1 in Slings
  1616 | D:2      | Reached skill level 1 in Bows
  1616 | D:2      | Reached skill level 1 in Crossbows
  1616 | D:2      | Reached skill level 1 in Throwing
  1616 | D:2      | Reached skill level 1 in Stealth
  1616 | D:2      | Reached skill level 1 in Shields
  1616 | D:2      | Reached skill level 1 in Unarmed Combat
  1616 | D:2      | Reached skill level 1 in Spellcasting
  1616 | D:2      | Reached skill level 1 in Evocations
  1616 | D:2      | Reached XP level 4. HP: 38/41 MP: 7/7
  1939 | D:2      | Identified the +1 ring mail "Homeargh" {Int+3}
  2164 | D:3      | Reached ** piety under Lugonu
  2165 | D:3      | Reached skill level 1 in Conjurations
  2165 | D:3      | Reached skill level 1 in Hexes
  2165 | D:3      | Reached skill level 1 in Summonings
  2165 | D:3      | Reached skill level 1 in Necromancy
  2165 | D:3      | Reached skill level 1 in Translocations
  2165 | D:3      | Reached skill level 1 in Transmutations
  2165 | D:3      | Reached skill level 1 in Fire Magic
  2165 | D:3      | Reached skill level 1 in Ice Magic
  2165 | D:3      | Reached skill level 1 in Air Magic
  2165 | D:3      | Reached skill level 1 in Earth Magic
  2165 | D:3      | Reached skill level 1 in Poison Magic
  2406 | D:3      | Noticed a black bear
  2420 | D:3      | Killed a black bear
  2421 | D:3      | Reached XP level 5. HP: 47/47 MP: 8/8
  2720 | D:3      | Found a broken altar of Ashenzari.
  2725 | D:3      | Saw a vision of the Shoals and the Spider Nest.
  2725 | D:3      | Noticed a merfolk siren
  2725 | D:3      | Noticed a redback
  2725 | D:3      | Noticed a wolf spider
  2725 | D:3      | Noticed a redback
  2725 | D:3      | Noticed a sea snake
  2725 | D:3      | Noticed a wolf spider
  2725 | D:3      | Noticed a merfolk
  2725 | D:3      | Noticed a merfolk
  2725 | D:3      | Noticed a merfolk
  2726 | D:3      | Noticed a wind drake
  2728 | D:3      | Noticed a redback
  3149 | D:4      | Reached skill level 5 in Invocations
  3149 | D:4      | Reached XP level 6. HP: 41/53 MP: 9/9
  3290 | D:4      | Reached skill level 5 in Axes
  3290 | D:4      | Reached skill level 5 in Armour
  3322 | D:4      | Found a runed translucent gate.
  3474 | D:4      | Found a shimmering altar of Xom.
  3540 | D:4      | Gained mutation: You have hidden genetic potential. [potion
                  | of mutation]
  3703 | D:4      | Found an iron altar of Okawaru.
  3786 | D:4      | Found a runed translucent gate.
  3786 | D:4      | Found a runed translucent gate.
  3786 | D:4      | Noticed hemabe71's ghost (amateur HuAr)
  3882 | D:4      | Killed hemabe71's ghost
  3883 | D:4      | Reached skill level 7 in Fighting
  3883 | D:4      | Reached XP level 7. HP: 31/60 MP: 9/11
  3891 | D:4      | Gained mutation: You have a pair of small horns on your
                  | head. [hidden potential]
  4265 | D:5      | Entered Level 5 of the Dungeon
  4330 | D:5      | Found a glowing drain.
  4347 | Sewer    | Entered a sewer
  4530 | Sewer    | Reached *** piety under Lugonu
  4926 | Sewer    | Reached XP level 8. HP: 64/67 MP: 12/12
  5381 | D:5      | Noticed Blork the orc
  5390 | D:5      | Killed Blork the orc
  5396 | D:5      | Gained mutation: You are agile. (Dex +2) [hidden potential]
  5396 | D:5      | Lost mutation: You have hidden genetic potential. [hidden
                  | potential expressed]
  5731 | D:5      | Noticed Pikel
  5907 | D:5      | Killed Pikel
  6250 | D:6      | Reached XP level 9. HP: 72/72 MP: 14/14
  6521 | D:6      | Found an ancient bone altar of Kikubaaqudgha.
  6697 | D:6      | Reached **** piety under Lugonu
  7027 | D:6      | Found a stormy altar of Qazlal.
  7455 | D:6      | Reached skill level 5 in Dodging
  7514 | D:6      | Found a glowing golden altar of the Shining One.
  8008 | D:6      | Found Rereecal's Retail Resort.
  8113 | D:7      | Noticed a two-headed ogre
  8118 | D:7      | Noticed a tarantella
  8118 | D:7      | a two-headed ogre changed into a tarantella
  8122 | D:7      | Killed a tarantella
  8123 | D:7      | Reached skill level 8 in Fighting
  8599 | D:6      | Reached ***** piety under Lugonu
  9182 | D:7      | Found a staircase to the Ecumenical Temple.
  9350 | D:7      | Found a white marble altar of Elyvilon.
  9693 | D:8      | Reached XP level 10. HP: 80/80 MP: 17/17
 10073 | D:8      | Found a radiant altar of Vehumet.
 10081 | D:8      | Noticed a two-headed ogre
 10101 | D:8      | Killed a two-headed ogre
 10102 | D:8      | Reached skill level 5 in Short Blades
 10102 | D:8      | Reached skill level 5 in Long Blades
 10102 | D:8      | Reached skill level 5 in Maces & Flails
 10102 | D:8      | Reached skill level 5 in Polearms
 10102 | D:8      | Reached skill level 5 in Staves
 10102 | D:8      | Reached skill level 5 in Slings
 10102 | D:8      | Reached skill level 5 in Bows
 10102 | D:8      | Reached skill level 5 in Crossbows
 10102 | D:8      | Reached skill level 5 in Throwing
 10102 | D:8      | Reached skill level 5 in Stealth
 10102 | D:8      | Reached skill level 5 in Shields
 10102 | D:8      | Reached skill level 5 in Unarmed Combat
 10102 | D:8      | Reached skill level 5 in Spellcasting
 10102 | D:8      | Reached skill level 5 in Evocations
 11097 | D:8      | Found a staircase to the Lair.
 11109 | D:8      | Noticed an elephant
 11134 | D:8      | Killed an elephant
 11197 | D:8      | Noticed an ice statue
 11309 | D:8      | Noticed a cyclops
 11324 | D:8      | Killed a cyclops
 11806 | D:9      | Found an opulent altar of Gozag.
 11888 | D:9      | Found a sparkling altar of Nemelex Xobeh.
 13452 | D:9      | Lost mutation: You have a pair of small horns on your head.
                  | [potion of mutation]
 13452 | D:9      | Lost mutation: You are agile. (Dex +2) [potion of mutation]
 13452 | D:9      | Gained mutation: You are partially covered in large bone
                  | plates. (SH +4) [potion of mutation]
 13452 | D:9      | Gained mutation: You possess an exceptional clarity of
                  | mind. [potion of mutation]
 13478 | D:10     | Entered Level 10 of the Dungeon
 13532 | D:10     | Reached XP level 11. HP: 79/87 MP: 19/19
 13895 | D:10     | Reached skill level 9 in Fighting
 14174 | D:10     | Noticed a two-headed ogre
 14211 | D:10     | Reached skill level 5 in Conjurations
 14211 | D:10     | Reached skill level 5 in Hexes
 14211 | D:10     | Reached skill level 5 in Summonings
 14211 | D:10     | Reached skill level 5 in Necromancy
 14211 | D:10     | Reached skill level 5 in Translocations
 14211 | D:10     | Reached skill level 5 in Transmutations
 14211 | D:10     | Reached skill level 5 in Fire Magic
 14211 | D:10     | Reached skill level 5 in Ice Magic
 14211 | D:10     | Reached skill level 5 in Air Magic
 14211 | D:10     | Reached skill level 5 in Earth Magic
 14211 | D:10     | Reached skill level 5 in Poison Magic
 14756 | D:10     | Killed a two-headed ogre
 15343 | D:10     | Noticed a two-headed ogre
 15402 | Abyss:1  | Noticed a starcursed mass
 15418 | Abyss:2  | Noticed a tentacled starspawn
 15442 | D:10     | Escaped the Abyss
 15442 | D:10     | HP: 4/89 [two-headed ogre (20)]
 15442 | D:10     | Slain by a two-headed ogre

Illustrated notes

Levels and vault maps discovered:
D:1:      nzn_arrival_crosshair, layout_basic, serial_curves, eino_curves_02,
          eino_curves_03, eino_curves_03
D:2:      layout_basic, minmay_misc_feat_more_columns, uniq_natasha
D:3:      cheibrodos_helix_gallery, layout_loops_corners,
          grunt_ashenzari_visionary [grunt_ashenzari_visionary_shoals,
          grunt_ashenzari_visionary_spider], minmay_shallow_snake_nest
D:4:      layout_rooms, mainiacjoe_overflow_boulevard,
          kennysheep_okawaru_gauntlet, biasface_ghost_orc_armoury,
          serial_curves, eino_curves_03, eino_curves_02,
          chequers_serial_rivers_small_b
D:5:      layout_rooms, portal_sewer_entry_b, nrook_mini_vaults,
          uniq_blork_the_orc, uniq_pikel
D:6:      corexii_shack_village, layout_basic, mainiacjoe_overflow_24_doors,
          mainiacjoe_overflow_brackets, mainiacjoe_overflow_alcove_1,
          serial_glass, glass_columns_a, glass_columns_c, glass_columns_a,
          glass_columns_b, glass_columns_b, glass_columns_b, glass_columns_b,
          glass_columns_b, glass_columns_a, glass_columns_c, item_on_display_b,
          due_unseen_surprise, minmay_strange_pillars, nicolae_alphabet_shops
D:7:      layout_cave_pools, mainiacjoe_overflow_concentric_impassable,
          minmay_temple_entry_stoned_glass
D:8:      lemuel_ice_statue, layout_loops_ring, mainiacjoe_overflow_catwalk,
          david_lair_generic
D:9:      layout_basic, old_standard_altar, nemelex_diamond_rough_becter
D:10:     minmay_the_grid_octo_triangle [minmay_the_grid_octo_vomiting_pacman,
          minmay_the_grid_octo_prize_square_snowflake,
          minmay_the_grid_octo_empty], layout_long_grid, enter_bailey_8,
          special_room [special_room_orc], amcnicky_mini_corridor_feature,
          amcnicky_mini_rare_corridor_liquid

Skill      XL: |  1  2  3  4  5  6  7  8  9 10 11 |
---------------+----------------------------------+-----
Short Blades   | 1 2 3 4 5 6 |  6.2
Long Blades    | 1 2 3 4 5 6 |  6.2
Maces & Flails | 1 2 3 4 5 6 |  6.2
Polearms       | 1 2 3 4 5 6 |  6.2
Staves         | 1 2 3 4 5 6 |  6.2
Slings         | 1 2 3 4 5 6 |  6.2
Bows           | 1 2 3 4 5 6 |  6.2
Crossbows      | 1 2 3 4 5 6 |  6.2
Throwing       | 1 2 3 4 5 6 |  6.2
Stealth        | 1 2 3 4 5 6 |  6.2
Shields        | 1 2 3 4 5 6 |  6.2
Unarmed Combat | 1 2 3 4 5 6 |  6.2
Spellcasting   | 1 2 3 4 5 6 |  6.2
Evocations     | 1 2 3 4 5 6 |  6.2
Conjurations   | 1 2 3 4 5 |  5.1
Hexes          | 1 2 3 4 5 |  5.1
Summonings     | 1 2 3 4 5 |  5.1
Necromancy     | 1 2 3 4 5 |  5.1
Translocations | 1 2 3 4 5 |  5.1
Transmutations | 1 2 3 4 5 |  5.1
Fire Magic     | 1 2 3 4 5 |  5.1
Ice Magic      | 1 2 3 4 5 |  5.1
Air Magic      | 1 2 3 4 5 |  5.1
Earth Magic    | 1 2 3 4 5 |  5.1
Poison Magic   | 1 2 3 4 5 |  5.1
Dodging        | 3 4 5 6 |  6.8
Invocations    | 5 6 7 8 |  8.3
Axes           | 5 6 7 |  7.8
Armour         | 5 6 7 |  7.8
Fighting       | 7 8 9 |  9.1

Action                   |  1- 3 |  4- 6 |  7- 9 | 10-12 || total
-------------------------+-------+-------+-------+-------++-------
Melee: Hand axe          |    83 |    50 |    36 |    82 ||   251
       Bite              |     5 |    22 |    65 |    87 ||   179
       Punch             |     1 |     4 |    23 |    13 ||    41
       Dagger            |       |   124 |   529 |   462 ||  1115
       Headbutt          |       |       |   137 |    64 ||   201
Throw: Dart              |       |       |       |     4 ||     4
Invok: Depart the Abyss  |     1 |       |       |     1 ||     2
       Bend Space        |       |       |     1 |       ||     1
       Enter the Abyss   |       |       |       |     1 ||     1
Evoke: Wand              |       |       |     2 |     1 ||     3
  Use: Scroll            |     4 |     9 |     6 |     7 ||    26
       Potion            |       |     4 |     3 |     2 ||     9
 Stab: Sleeping          |       |     1 |     3 |       ||     4
Armor: Leather armour    |    32 |     3 |       |       ||    35
       Skin              |       |    36 |     9 |       ||    45
       Ring mail         |       |    61 |    61 |       ||   122
       Chain mail        |       |       |    74 |       ||    74
       Plate armour      |       |       |    69 |   259 ||   328
Dodge: Dodged            |    75 |   103 |   198 |   119 ||   495
Block: Other             |       |       |   112 |    68 ||   180
       Buckler           |       |       |       |   177 ||   177
       Reflection        |       |       |       |     2 ||     2

Table legend: (Time is in decaauts)
 A = Elapsed time spent in this place.
 B = Non-inter-level travel time spent in this place.
 C = Inter-level travel time spent in this place.
 D = Time resting spent in this place.
 E = Time spent auto-exploring this place.
 F = Levels seen in this place.
 G = Mean time per level.
                   A        B        C        D        E       F      G
               +--------+--------+--------+--------+--------+-----+--------+
         Total |  15224 |  14860 |    364 |   3044 |   8916 |  14 | 1087.4 |
       Dungeon |  14453 |  14089 |    364 |   2763 |   8689 |  10 | 1445.3 |
         Abyss |     65 |     65 |      0 |     40 |      0 |   3 |   21.7 |
         Sewer |    705 |    705 |      0 |    241 |    227 |   1 |  705.0 |
               +--------+--------+--------+--------+--------+-----+--------+

Top non-repeatable levels by time:
     D:8: 2955 daAuts
     D:6: 2493 daAuts
    D:10: 1459 daAuts
     D:4: 1337 daAuts
     D:5: 1246 daAuts
     D:9: 1150 daAuts
     D:2: 1093 daAuts
     D:3: 1034 daAuts
     D:1: 992 daAuts
   Sewer: 705 daAuts
     D:7: 690 daAuts
 Abyss:2: 37 daAuts
 Abyss:1: 27 daAuts
